 Dungeon Crawl Stone Soup version 0.28.0-53-g5a82cb258f (webtiles) character file.

Game seed: 12686110140302660068

42 jiml777 the Grasshopper (level 3, 0/31 HPs)
             Began as a Gnoll Warper on July 8, 2022.
             Slain by a gnoll
             ... wielding a +0 spear
              (7 damage)
             ... on level 2 of the Dungeon.
             The game lasted 00:03:56 (1746 turns).

jiml777 the Grasshopper (Gnoll Warper)              Turns: 1746, Time: 00:03:57

Health: 0/31       AC:  4    Str: 10    XL:     3   Next: 56%
Magic:  18/18      EV: 12    Int: 14    God:
Gold:   28         SH:  0    Dex: 11    Spells: 10/12 levels left

rFire   . . .      SeeInvis .   a - +0 short sword
rCold   . . .      Faith    .   (no shield)
rNeg    . . .      Spirit   .   b - +0 leather armour
rPois   .          Reflect  .   (no helmet)
rElec   .          Harm     .   g - +0 cloak
rCorr   .          Rampage  .   (no gloves)
Will    .....                   (no boots)
Stlth   +.........              (no amulet)
HPRegen 0.10/turn               j - ring of magical power
MPRegen 0.16/turn               (no ring)

@: no status effects
A: fangs 1, strong nose, distributed training
a: no special abilities


You were on level 2 of the Dungeon.
You visited 1 branch of the dungeon, and saw 2 of its levels.

You collected 28 gold pieces.

Inventory:

Hand Weapons
 a - a +0 short sword (weapon)
Missiles
 d - 5 boomerangs of dispersal (quivered)
 e - 2 boomerangs
 f - 17 bolts
 i - 2 poisoned darts
Armour
 b - a +0 leather armour (worn)
 g - a +0 cloak (worn)
Jewellery
 j - a ring of magical power (left hand)
Scrolls
 c - a scroll of blinking
Potions
 h - a potion of invisibility {unknown}
 k - a potion of mutation {unknown}
 l - a potion of brilliance {unknown}


   Skills:
 + Level 4.5 Fighting
 + Level 4.5 Short Blades
 + Level 0.8 Long Blades
 + Level 0.8 Axes
 + Level 0.8 Maces & Flails
 + Level 0.8 Polearms
 + Level 0.8 Staves
 + Level 0.8 Slings
 + Level 0.8 Bows
 + Level 0.8 Crossbows
 + Level 2.6 Throwing
 + Level 2.6 Armour
 + Level 4.5 Dodging
 + Level 0.8 Stealth
 + Level 0.8 Shields
 + Level 0.8 Unarmed Combat
 + Level 5.0 Spellcasting
 + Level 0.5 Conjurations
 + Level 0.5 Hexes
 + Level 0.5 Summonings
 + Level 0.5 Necromancy
 + Level 5.4 Translocations
 + Level 0.5 Transmutations
 + Level 0.5 Fire Magic
 + Level 0.5 Ice Magic
 + Level 0.5 Air Magic
 + Level 0.5 Earth Magic
 + Level 0.5 Poison Magic
 + Level 1.0 Invocations
 + Level 0.8 Evocations


You had 10 spell levels left.
You knew the following spells:

 Your Spells              Type           Power      Damage    Failure   Level
a - Blink                 Tloc           36%        N/A       3%          2

Your spell library contained the following spells:

 Spells                   Type           Power      Damage    Failure   Level
 Gell's Gravitas          Tloc           18%        N/A       8%          3
 Lesser Beckoning         Tloc           18%        N/A       8%          3
 Teleport Other           Tloc           18%        N/A       8%          3
 Manifold Assault         Tloc           18%        N/A       56%         5
 Animate Dead             Necr           2%         N/A       87%         4
 Borgnjor's Vile Clutch   Necr/Erth      2%         N/A       99%         5
 Death Channel            Necr           2%         N/A       100%        6
 Storm Form               Tmut/Air       2%         N/A       100%        7


Dungeon Overview and Level Annotations

Branches:
Dungeon (2/15)

Altars:
Zin


Innate Abilities, Weirdness & Mutations

You have very sharp teeth.
Your uncanny sense of smell can sniff out nearby items.
Your experience applies equally to all skills.


Message History

You closely miss the gnoll.
The gnoll is almost dead.
The hobgoblin misses you. The gnoll barely misses you.
You closely miss the hobgoblin.
The hobgoblin hits you but does no damage.
You hit the hobgoblin but do no damage. The hobgoblin closely misses you.
You closely miss the hobgoblin. The hobgoblin closely misses you.
You closely miss the hobgoblin.
You bite the hobgoblin, but do no damage.
The hobgoblin closely misses you.
You closely miss the hobgoblin. The hobgoblin misses you.
You hit the hobgoblin.
You kill the hobgoblin!
The gnoll hits you from afar with a +0 spear.
The gnoll hits you with a +0 spear.
You hit the gnoll but do no damage. Your bite misses the gnoll.
The gnoll hits you with a +0 spear.
You hit the gnoll but do no damage. You hit the gnoll.
The gnoll is lightly wounded.
The gnoll hits you but does no damage.
You hit the gnoll.
The gnoll is lightly wounded.
The gnoll closely misses you.
You hit the gnoll.
The gnoll is heavily wounded.
The gnoll hits you but does no damage.
You hit the gnoll.
The gnoll is severely wounded.
The gnoll hits you with a +0 spear.
You closely miss the gnoll.
The gnoll is severely wounded.
The gnoll hits you with a +0 spear.
* * * LOW HITPOINT WARNING * * *
You hit the gnoll.
The gnoll is severely wounded.
The gnoll misses you.
The gnoll hits you from afar with a +0 spear!
You die...

#...# ##..# ##.#
#.#
#############.#
#.............#
#.######.####.#
##.######..###.#
........@.....#
#.####.......##
#.####g.._...#
#.#
#....g......##
#.#
#.g####.....#
#.#######.[#
#######
#.##.g..g..#
#.##.#####.#
#.##.# #.#


You could see 2 gnolls.

Vanquished Creatures
  An adder (D:2)
  A dart slug (D:1)
  2 endoplasms
  A giant cockroach (D:1)
  6 hobgoblins
  2 jackals (D:1)
  A quokka (D:1)
  3 ball pythons
  5 bats (D:1)
  A frilled lizard (D:1)
  3 goblins
  A kobold (D:1)
  2 rats (D:1)
29 creatures vanquished.

Vanquished Creatures (others)
  3 plants (D:1)
3 creatures vanquished.

Grand Total: 32 creatures vanquished

Notes
Turn   | Place    | Note
-------+----------+-------------------------------------------
     0 | D:1      | jiml777 the Gnoll Warper began the quest for the Orb.
     0 | D:1      | Reached XP level 1. HP: 20/20 MP: 6/6
   204 | D:1      | Reached XP level 2. HP: 8/26 MP: 7/7
   634 | D:1      | Learned a level 2 spell: Blink
   987 | D:1      | Reached XP level 3. HP: 22/31 MP: 9/9
  1120 | D:1      | Reached skill level 5 in Spellcasting
  1306 | D:1      | Found a faded altar of an unknown god.
  1587 | D:2      | Reached skill level 1 in Invocations
  1604 | D:2      | Found a glowing silver altar of Zin.
  1746 | D:2      | Slain by a gnoll

Illustrated notes

Levels and vault maps discovered:
D:1:      ncdulo_watergridlock, layout_basic, nicolae_ecumenical_snake_handling,
          serial_bayou_lagoon_a
D:2:      layout_loops_ring, basic_altar

Skill      XL: |  1  2  3 |
---------------+----------+-----
Spellcasting   | 5 |  5.0
Invocations    | 1 |  1.0
Fighting       | |  4.5
Short Blades   | |  4.5
Long Blades    | |  0.8
Axes           | |  0.8
Maces & Flails | |  0.8
Polearms       | |  0.8
Staves         | |  0.8
Slings         | |  0.8
Bows           | |  0.8
Crossbows      | |  0.8
Throwing       | |  2.6
Armour         | |  2.6
Dodging        | |  4.5
Stealth        | |  0.8
Shields        | |  0.8
Unarmed Combat | |  0.8
Conjurations   | |  0.5
Hexes          | |  0.5
Summonings     | |  0.5
Necromancy     | |  0.5
Translocations | |  5.4
Transmutations | |  0.5
Fire Magic     | |  0.5
Ice Magic      | |  0.5
Air Magic      | |  0.5
Earth Magic    | |  0.5
Poison Magic   | |  0.5
Evocations     | |  0.8

Action                   || total
-------------------------++-------
Melee: Short sword       ||   143
       Bite              ||    14
       Punch             ||     1
 Stab: Sleeping          ||     1
Armor: Leather armour    ||    38
Dodge: Dodged            ||    87
